 Dungeon Crawl Stone Soup version 0.31.0-11-ge490571c62 (webtiles) character file.

Game seed: 7953254514806100335

875 Esekla the Covert (level 8, -6/52 HPs)
             Began as an Octopode Necromancer on Feb 2, 2024.
             Was an Initiate of Gozag.
             Mangled by a black bear (7 damage)
             ... on level 6 of the Dungeon.
             The game lasted 00:33:57 (6184 turns).

Esekla the Covert (Octopode Necromancer)            Turns: 6184, Time: 00:33:58

Health: -6/52      AC:  1    Str:  8    XL:     8   Next: 4%
Magic:  13/13      EV: 13    Int: 19    God:    Gozag
Gold:   174        SH:  0    Dex: 12    Spells: 6/13 levels left

rFire   . . .        d - +0 dagger
rCold   . . .        (no shield)
rNeg    . . .        (helmet restricted)
rPois   .            (no amulet)
rElec   .            f - ring of willpower
rCorr   .            (no ring)
SInv    .            (no ring)
Will    +....        (no ring)
Stlth   +++++        (no ring)
HPRegen 0.28/turn    (no ring)
MPRegen 0.13/turn    (no ring)
                     (no ring)

%: no passive effects
@: studying Stealth
A: almost no armour, amphibious, 8 rings, camouflage 1, gelatinous body 1,
(nimble swimmer 1), tentacles
a: Renounce Religion, Potion Petition, Call Merchant, Bribe Branch


You were on level 6 of the Dungeon.
You worshipped Gozag.
Gozag was aware of your devotion.
You visited 2 branches of the dungeon, and saw 7 of its levels.

You collected 331 gold pieces.
You paid 157 gold pieces to Gozag.

Inventory:

Hand Weapons
 d - a +0 dagger (weapon)
 k - a +0 trident
Missiles
 b - 4 poisoned darts (quivered)
 e - 5 boomerangs
Jewellery
 f - a ring of willpower (left tentacle)
Scrolls
 h - a scroll of vulnerability {unknown}
 i - a scroll of blinking
 m - a scroll of enchant weapon {unknown}
 n - a scroll of revelation {unknown}
 o - 2 scrolls of noise
 r - 2 scrolls of butterflies
 s - a scroll of poison {unknown}
 t - a scroll of amnesia {unknown}
Potions
 a - a potion of magic
 c - a potion of brilliance
 g - a potion of mutation
 q - a potion of enlightenment
 u - 2 potions of heal wounds {unknown}


   Skills:
 * Level 3.3 Fighting
 + Level 2.7 Short Blades
 + Level 0.1 Throwing
 + Level 2.9 Dodging
 * Level 9.5 Stealth
 * Level 3.4 Spellcasting
 * Level 5.2 Necromancy
 * Level 2.3 Ice Magic


You had 6 spell levels left.
You knew the following spells:

 Your Spells              Type           Power      Damage    Failure   Level
a - Necrotise             Necr           92%        1d8       1%          1
d - Vampiric Draining     Necr           23%        2d7       4%          3
r - Frozen Ramparts       Ice            24%        1d4       17%         3

Your spell library contained the following spells:

 Spells                   Type           Power      Damage    Failure   Level
 Freeze                   Ice            48%        1d6       5%          1
 Hailstorm                Conj/Ice       7%         3d5       26%         3
 Summon Ice Beast         Ice/Summ       7%         N/A       26%         3
 Inner Flame              Hex/Fire       3%         N/A       41%         3
 Curse of Agony           Necr           23%        N/A       43%         5
 Irradiate                Conj/Alch      1%         3d12      99%         5
 Sculpt Simulacrum        Ice/Alch       3%         N/A       100%        6
 Ignition                 Fire           1%         3d3       100%        8
 Animate Dead             Necr           Unusable   N/A       N/A         4

Dungeon Overview and Level Annotations

Branches:
Dungeon (6/15)             Temple (1/1) D:5

Altars:
Ashenzari
Cheibriados
Dithmenos
Fedhas
Gozag
Hepliaklqana
Makhleb
Nemelex Xobeh
Okawaru
Qazlal
Ru
Sif Muna
Trog
Vehumet

Shops:
D:1 :

Annotations:
D:4 Dowan, Duvessa, Pikel
D:5 1 runed translucent door, Sigmund


Innate Abilities, Weirdness & Mutations

You cannot wear most types of armour.
You are amphibious.
You can wear up to eight rings at the same time.
Your skin changes colour to match your surroundings (Stealth+).
Your rubbery body absorbs attacks. (AC +1, EV +1)
((You are camouflaged when in or above water. (Stealth+)))
You have tentacles for arms and can constrict up to eight enemies at once.


Message History

Press: ? - help, Q - select action, (/) - cycle Shift-Dir - straight line, f/p - black bear
Aim: a black bear (lightly wounded, poisoned, 62% to hit)
You throw a poisoned dart. The poisoned dart hits the black bear.
The black bear looks even sicker.
The black bear is lightly wounded.
Throw: 5 darts (poison)
Press: ? - help, Q - select action, (/) - cycle Shift-Dir - straight line, f/p - black bear
Aim: a black bear (lightly wounded, very poisoned, 62% to hit)
You throw a poisoned dart.
The poisoned dart closely misses the black bear.
You barely miss the black bear. You grab the black bear.
The black bear is moderately wounded.
You constrict the black bear, but do no damage.
The black bear misses you. The black bear claws you. x2
You hit the black bear. You squeeze the black bear.
The black bear is heavily wounded.
You constrict the black bear, but do no damage.
The black bear bites you. The black bear claws you. x2
You completely miss the black bear.
You squeeze the black bear, but do no damage.
The black bear is heavily wounded.
You constrict the black bear. The black bear bites you.
The black bear barely misses you. The black bear claws you.
You hit the black bear but do no damage.
You squeeze the black bear.
The black bear is severely wounded.
You constrict the black bear.
The black bear goes berserk!
You hit the black bear.
The black bear is almost dead.
You constrict the black bear. The black bear closely misses you. x2
The black bear claws you.
* * * LOW HITPOINT WARNING * * *
You hit the black bear but do no damage.
You tentacle-slap the black bear, but do no damage.
The black bear is almost dead.
You constrict the black bear. The black bear bites you!
* * * LOW HITPOINT WARNING * * *
The black bear claws you!
You die...
Your body crumbles into a pile of gold.

##...## ##..(..##
# #.......##.
#.....(...
#.....(.# #.>...#
#...# #h# #@#
##.## #...# #.#.#
#...# ##.## ###
####Y
#.#####.##.5....#
#.#..............#
#............### .


You could see a black bear (berserk, poisoned).

Vanquished Creatures
  A black bear (D:6)
  A phantom (D:6)
  A howler monkey (D:5)
  3 bombardier beetles
  2 jellies (D:5)
  5 hounds
  2 iguanas
  2 sleepcaps
  5 gnolls
  11 adders
  A shadow imp (D:5)
  3 ribbon worms
  3 dart slugs
  3 orcs
  6 bats
  6 endoplasms
  2 giant cockroaches
  3 goblins
  12 hobgoblins
  3 jackals
  6 quokkas
  5 ball pythons
  6 frilled lizards
  7 kobolds
  11 rats
110 creatures vanquished.

Notes
Turn   | Place    | Note
-------+----------+-------------------------------------------
     0 | D:1      | Esekla the Octopode Necromancer began the quest for the
                  | Orb.
     0 | D:1      | Reached XP level 1. HP: 11/11 MP: 3/3
   103 | D:1      | Found Luriag's Vocational Training.
   181 | D:1      | Reached XP level 2. HP: 17/17 MP: 5/5
   548 | D:1      | Reached XP level 3. HP: 22/22 MP: 6/6
   816 | D:2      | Reached skill level 1 in Ice Magic
   841 | D:2      | Reached skill level 1 in Fighting
   843 | D:2      | Reached XP level 4. HP: 24/28 MP: 7/7
   845 | D:2      | Reached skill level 3 in Stealth
   916 | D:2      | Found a faded altar of an unknown god.
   940 | D:2      | Reached skill level 1 in Short Blades
  1125 | D:2      | Reached skill level 4 in Stealth
  1290 | D:2      | Learned a level 3 spell: Frozen Ramparts
  1294 | D:2      | Learned a level 3 spell: Vampiric Draining
  1659 | D:3      | Found a blossoming altar of Fedhas.
  1677 | D:3      | Found a burning altar of Makhleb.
  1990 | D:2      | You fall into a shaft and drop 1 floor!
  2131 | D:3      | Reached XP level 5. HP: 33/33 MP: 8/8
  2520 | D:4      | Noticed Pikel
  2520 | D:4      | Noticed a lemure
  2520 | D:4      | Noticed a lemure
  2520 | D:4      | Noticed a lemure
  2520 | D:4      | Noticed a lemure
  2520 | D:4      | Noticed Duvessa
  2520 | D:4      | Noticed Dowan
  2878 | D:4      | Reached skill level 5 in Stealth
  3485 | D:5      | Entered Level 5 of the Dungeon
  3600 | D:5      | Found a staircase to the Ecumenical Temple.
  3609 | Temple   | Entered the Ecumenical Temple
  3663 | D:5      | Noticed a phantom
  3675 | Temple   | Reached XP level 6. HP: 27/39 MP: 8/10
  3792 | D:5      | Reached skill level 6 in Stealth
  4414 | D:5      | Found a runed translucent gate.
  4442 | D:5      | Reached skill level 7 in Stealth
  4469 | D:5      | HP: 2/41 [acid (4)]
  4472 | D:5      | Reached skill level 8 in Stealth
  4472 | D:5      | Reached XP level 7. HP: 10/45 MP: 11/11
  4648 | Temple   | Became a worshipper of Gozag Ym Sagoz the Greedy
  4681 | Temple   | Reached skill level 5 in Necromancy
  5877 | D:6      | Reached skill level 9 in Stealth
  5937 | D:6      | Reached XP level 8. HP: 13/52 MP: 13/13
  6086 | D:5      | Noticed Sigmund
  6184 | D:6      | HP: 1/52 [black bear (11)]
  6184 | D:6      | Mangled by a black bear

Illustrated notes

Levels and vault maps discovered:
D:1:      mainiacjoe_arrival_reflecting_pool, layout_loops_ring,
          nicolae_shop_vocational
D:2:      minmay_skewed_foursquare, layout_loops_ring,
          hellmonk_ecumenical_altar_blasted, nicolae_half_adder
D:3:      layout_loops_corners, mainiacjoe_overflow_swirl, kennysheep_doodads,
          kennysheep_generic_room_12
D:4:      layout_cave_pools, uniq_pikel, uniq_duvessa
D:5:      minmay_polygon_palace, layout_basic, minmay_temple_entry_stoned_glass,
          gammafunk_ghost_nasty_kobolds, uniq_sigmund
D:6:      layout_loops_ring, minmay_overflow_temple_hex,
          cheibrodos_sewer_entry_sluice, minmay_misc_feat_diagonals
Temple:   nicolae_temple_hex_pool

Skill      XL: |  1  2  3  4  5  6  7 |
---------------+----------------------+-----
Ice Magic      | 1 2 |  2.3
Fighting       | 1 2 3 |  3.3
Stealth        | 4 5 8 9 |  9.5
Short Blades   | 1 2 |  2.7
Necromancy     | 5 |  5.2
Spellcasting   | 3 |  3.4
Throwing       | |  0.1
Dodging        | |  2.9

Action                     |  1- 3 |  4- 6 |  7- 9 || total
---------------------------+-------+-------+-------++-------
  Melee: Dagger            |    68 |   154 |   108 ||   330
         Unarmed           |     4 |       |       ||     4
         Tentacles         |    20 |    34 |    28 ||    82
         Constrict         |    16 |    38 |    13 ||    67
         Punch             |     1 |       |     3 ||     4
  Throw: Dart              |       |     3 |     5 ||     8
         Boomerang         |       |       |     1 ||     1
    Use: Scroll            |       |     9 |     2 ||    11
         Potion            |       |     5 |       ||     5
   Stab: Sleeping          |    11 |    11 |     5 ||    27
 Armour: Skin              |    21 |    86 |    60 ||   167
  Dodge: Dodged            |    34 |    86 |    60 ||   180
